 Dungeon Crawl Stone Soup version 0.32-a0-131-g9dbbe29261 (webtiles) character file.

Game seed: 4473257078386027805

63 zeratav the Sneak (level 4, 0/28 HPs)
             Began as an Octopode Shapeshifter on Feb 8, 2024.
             Slain by Terence
             ... wielding a +0 flail
              (9 damage)
             ... on level 2 of the Dungeon.
             The game lasted 00:01:20 (1330 turns).

zeratav the Sneak (Octopode Shapeshifter)           Turns: 1330, Time: 00:01:21

Health: 0/28       AC:  1    Str: 15    XL:     4   Next: 9%
Magic:  4/4        EV: 13    Int: 12    God:
Gold:   51         SH:  0    Dex: 11    Spells: 3/3 levels left

rFire   . .          .
                       - Unarmed
rCold   . . .        (no shield)
rNeg    . . .        (helmet currently unavailable)
rPois   .            (no amulet)
rElec   .            (no ring)
rCorr   .            (no ring)
SInv    .            (no ring)
Will    .....        (no ring)
Stlth   ++++         (no ring)
HPRegen 0.24/turn    (no ring)
MPRegen 0.09/turn    (no ring)
                     (no ring)

%: no passive effects
@: beast-form
A: beast (slay +1), almost no armour, amphibious, 8 rings, camouflage 1,
gelatinous body 1, (nimble swimmer 1), tentacles
a: Begin Untransformation


You were on level 2 of the Dungeon.
You were a hulking beast.
You visited 1 branch of the dungeon, and saw 3 of its levels.

You collected 51 gold pieces.


Innate Abilities, Weirdness & Mutations

You are a hulking beast.
Your limbs bulge with bestial killing power. (Slay +1)
You cannot wear most types of armour.
You are amphibious.
You can wear up to eight rings at the same time.
Your skin changes colour to match your surroundings (Stealth+).
Your rubbery body absorbs attacks. (AC +1, EV +1)
((You are camouflaged when in or above water. (Stealth+)))
You have tentacles for arms and can constrict up to eight enemies at once.


   Skills:
 + Level 1.4 Fighting
 - Level 2.0 Dodging
 - Level 5.0 Stealth
 - Level 3.0 Unarmed Combat
 - Level 3.0 Shapeshifting


You had 3 spell levels left.
You didn't know any spells.
Your spell library contained the following spells:

 Spells                   Type           Power      Damage    Failure   Level
 Magic Dart               Conj           0%         1d3       32%         1
 Sandblast                Erth           0%         2d4       32%         1
 Searing Ray              Conj           0%         2d4       45%         2
 Passwall                 Erth           0%         N/A       69%         3
 Stone Arrow              Conj/Erth      0%         3d7       69%         3
 Brom's Barrelling Bould  Conj/Erth      0%         2d3       97%         4
 Fulminant Prism          Conj/Alch      0%         3d5       97%         4

Inventory:

Talismans
 b - a beast talisman
 c - a flux talisman
 f - a maw talisman
   (You found it on level 2 of the Dungeon)
Scrolls
 d - 4 scrolls of identify {unknown}
 k - a scroll of enchant weapon {unknown}
Potions
 a - 2 potions of lignification {!q}
 e - a potion of invisibility {unknown}
 g - 4 potions of might {unknown}
 h - a potion of curing {unknown}
 i - a potion of degeneration {unknown}
 j - a potion of brilliance {unknown}

Dungeon Overview and Level Annotations

Branches:
Dungeon (3/15) Zot: 16671

Altars:

Annotations:
D:2 Terence
D:3 1 transporter, zenocrate's ghost, amateur KoDe

#.....#....#.###................#
............)# #..............#.#
.........#.###
#.....##.....รท.#.# .....###....#
#.....##.......#.#
.#....#####.############...)..#.#
........# #.....#####.....##.....
).......# ##..#.#.....#..........
........#####.#..@.#......#......
........#.......h.........##...<.
..........#...####....###^##.....
#....##..##...###..##.....##.....
..#####..(........######.........
### #.###....#### ##......#. #.#
#....# ###..#... #.###....#
#..###. #..##...## #### #)
##.##...# ##


You could see Terence.


Message History

Your hp is fully restored (23).
No target in view!
No target in view!
No target in view!
No target in view!
No target in view!
No target in view!
No target in view!
No target in view!
No target in view!
No target in view!
You see here a +0 short sword {short}.
You enter the deep water.
You enter the shallow water.
You see here 4 stones {throwing}.
Found a stone staircase leading down.
k - a scroll labelled UHUMYLL ZOVVY Done exploring.
No target in view!
Done exploring.
There is a stone staircase leading down here.
You climb downwards.
There is a stone staircase leading up here.
Found a stone staircase leading down.
There is a stone staircase leading up here.
An adder comes into view.
The helpless adder fails to defend itself.
You tentacle-slap the adder. You grab the adder. You squeeze the adder.
You kill the adder!
Training target 5.0 for Stealth reached!
Your Stealth skill increases to level 5!
You need to enable at least one skill for training.
You have reached level 4!
HP[+5] MP[+1]
You now have 28 max hp (+5).
Your hp is fully restored (28).
Your mp is fully restored (4).
You see here an adder corpse.
You see here 7 stones {throwing}.
A bat comes into view.
The bat moves out of view.
There is a stone staircase leading down here.
There is a stone staircase leading down here.
A bat is nearby!
An orc comes into view. It is wielding a +0 dagger.
Terence the Incautious comes into view.
He is wielding a +0 flail.
Terence shouts!
An orc wizard comes into view. It is wielding a +0 dagger.
An orc priest comes into view. It is wielding a +0 morningstar.
An orc comes into view. It is wielding a +0 flail.
The orc shouts! x2; The orc priest shouts!
The orc wizard shouts!
You tentacle-slap the bat.
You kill the bat!
There is a stone staircase leading down here.
You see here 7 stones {throwing}.
There is a stone staircase leading up here.
An orc priest comes into view. It is wielding a +0 war axe.
You closely miss the orc.
The orc priest shouts! x2
You grab the orc.
You constrict the orc, but do no damage.
The orc priest mumbles some strange prayers to Beogh against you.
Beogh smites you! The orc misses you.
HP[-9]
You take 9 damage, and now have 19/28 hp.
MASSIVE DAMAGE!! (PAUSE)
You tentacle-slap the orc. You constrict the orc. The orc closely misses you.
You tentacle-slap the orc.
You kill the orc!
You tentacle-slap Terence. You grab Terence. You constrict Terence.
The orc priest miscasts a cantrip.
Terence closely misses you.
HP[+1]
You tentacle-slap Terence but do no damage.
You tentacle-slap Terence, but do no damage.
You constrict Terence, but do no damage.
Terence misses you.
You tentacle-slap Terence but do no damage.
You constrict Terence, but do no damage.
The orc priest calls down the wrath of Beogh upon you.
Beogh smites you!
* * * LOW HITPOINT WARNING * * *
Terence misses you.
HP[-12]
You take 12 damage, and now have 8/28 hp.
MASSIVE DAMAGE!! (PAUSE)
You are too injured to fight recklessly!
You are too injured to fight recklessly!
You tentacle-slap Terence but do no damage.
You constrict Terence. Terence misses you.
You release your grip on Terence.
Terence misses you.
You climb upwards.
There is a stone staircase leading down here.
HP[+1]
You tentacle-slap Terence. You grab Terence. You constrict Terence.
Terence closely misses you.
You tentacle-slap Terence but do no damage.
You tentacle-slap Terence, but do no damage.
You constrict Terence. Terence hits you with a +0 flail!
You die...
Terence says, "Rest in peace."

Skill      XL: |  1  2  3 |
---------------+----------+-----
Stealth        | 2 3 5 |  5.0
Fighting       | |  1.4
Dodging        | |  2.0
Unarmed Combat | |  3.0
Shapeshifting  | |  3.0

Action                     |  1- 3 |  4- 6 || total
---------------------------+-------+-------++-------
  Melee: Unarmed           |    44 |    10 ||    54
         Constrict         |     9 |     3 ||    12
         Tentacles         |     7 |       ||     7
         Punch             |     1 |     2 ||     3
   Stab: Sleeping          |     6 |       ||     6
 Armour: Skin              |    19 |     1 ||    20
  Dodge: Dodged            |    22 |     8 ||    30

Levels and vault maps discovered:
D:1:      dpeg_arrival_leaves_temple_mockup, layout_basic, hex_tiny,
          minivault_11
D:2:      layout_rooms, chequers_big_river
D:3:      layout_basic, gammafunk_ghost_mausoleum, uniq_grinder, uniq_terence

Notes
Turn   | Place    | Note
-------+----------+-------------------------------------------
     0 | D:1      | zeratav the Octopode Shapeshifter began the quest for the
                  | Orb.
     0 | D:1      | Reached XP level 1. HP: 13/13 MP: 1/1
     0 | D:1      | magus.rc [v1.9.6]
    37 | D:1      | Reached skill level 1 in Stealth
    89 | D:1      | Reached skill level 2 in Stealth
    91 | D:1      | Reached XP level 2. HP: 16/18 MP: 2/2
   261 | D:1      | Reached skill level 3 in Stealth
   350 | D:1      | You pick up a book of Conjurations and begin reading...
   350 | D:1      | You add the spells Magic Dart, Searing Ray and Fulminant
                  | Prism to your library.
   744 | D:2      | Reached XP level 3. HP: 18/23 MP: 3/3
   749 | D:2      | Reached skill level 4 in Stealth
  1006 | D:2      | You pick up a book of Geomancy and begin reading...
  1006 | D:2      | You add the spells Sandblast, Passwall, Stone Arrow and
                  | Brom's Barrelling Boulder to your library.
  1257 | D:3      | Reached skill level 5 in Stealth
  1257 | D:3      | Reached XP level 4. HP: 28/28 MP: 4/4
  1289 | D:3      | Noticed zenocrate's ghost (amateur KoDe)
  1291 | D:3      | Found a transporter.
  1298 | D:3      | Noticed Terence
  1330 | D:2      | Slain by Terence

Vanquished Creatures
  3 adders
  An orc (D:3)
  5 ball pythons (D:1)
  5 bats
  2 giant cockroaches (D:1)
  5 goblins
  4 hobgoblins (D:1)
  2 quokkas
  6 rats
33 creatures vanquished.

Table legend:
 A = Non-vault XP
 B = Vault XP
 C = Vault XP percentage of total XP
 D = Non-vault monster count
 E = Vault monster count
 F = Vault count percentage of total count
                 A         B        C        D         E       F
            +---------+---------+-------+---------+---------+-------
      Total |      90 |       0 |   0.0 |      33 |       0 |   0.0
            +---------+---------+-------+---------+---------+-------
        D:1 |      33 |       0 |   0.0 |      20 |       0 |   0.0
        D:2 |      39 |       0 |   0.0 |      10 |       0 |   0.0
        D:3 |      18 |       0 |   0.0 |       3 |       0 |   0.0
            +---------+---------+-------+---------+---------+-------

Skill      XL: |  1  2  3 |
---------------+----------+-----
Stealth        | 2 3 5 |  5.0
Fighting       | |  1.4
Dodging        | |  2.0
Unarmed Combat | |  3.0
Shapeshifting  | |  3.0

Action                     |  1- 3 |  4- 6 || total
---------------------------+-------+-------++-------
  Melee: Unarmed           |    44 |    10 ||    54
         Constrict         |     9 |     3 ||    12
         Tentacles         |     7 |       ||     7
         Punch             |     1 |     2 ||     3
   Stab: Sleeping          |     6 |       ||     6
 Armour: Skin              |    19 |     1 ||    20
  Dodge: Dodged            |    22 |     8 ||    30

Illustrated notes

Table legend:
 A = Kills in this place as a percentage of kills in the entire game.
 B = Kills by you in this place as a percentage of kills by you in the entire game.
 C = Kills by friends in this place as a percentage of kills by friends in the entire game.
 D = Other kills in this place as a percentage of other kills in the entire game.
 E = Experience gained in this place as a percentage of experience gained in the entire game.
 F = Experience gained in this place divided by the number of levels of this place that you have seen.
                   A       B       C       D       E      F
               +-------+-------+-------+-------+-------+----------------------
         Total | 100.0 | 100.0 |   N/A |   N/A | 100.0 |  30.0
       Dungeon | 100.0 | 100.0 |   N/A |   N/A | 100.0 |  30.0
               +-------+-------+-------+-------+-------+----------------------

Table legend: (Time is in decaauts)
 A = Elapsed time spent in this place.
 B = Non-inter-level travel time spent in this place.
 C = Inter-level travel time spent in this place.
 D = Time resting spent in this place.
 E = Time spent auto-exploring this place.
 F = Levels seen in this place.
 G = Mean time per level.
                   A        B        C        D        E       F      G
               +--------+--------+--------+--------+--------+-----+--------+
         Total |   1327 |   1292 |     35 |      0 |   1089 |   3 |  442.3 |
       Dungeon |   1327 |   1292 |     35 |      0 |   1089 |   3 |  442.3 |
               +--------+--------+--------+--------+--------+-----+--------+

Top non-repeatable levels by time:
     D:1: 737 daAuts
     D:2: 459 daAuts
     D:3: 130 daAuts
